 Dungeon Crawl Stone Soup version 0.30-a0-779-g7971cf19c3 (webtiles) character file.

Game seed: 4641571430704284831

12 Goldberg the Grave Robber (level 2, 22/22 HPs)
             Began as a Human Wanderer on Feb 17, 2023.
             Quit the game on level 2 of the Dungeon.
             The game lasted 00:03:14 (428 turns).

Goldberg the Grave Robber (Human Wanderer)           Turns: 428, Time: 00:03:15

Health: 22/22      AC:  2    Str: 11    XL:     2   Next: 45%
Magic:  5/5        EV: 11    Int: 12    God:
Gold:   28         SH:  0    Dex: 13    Spells: 4/5 levels left

rFire   . . .      SeeInvis .    a - +1 falchion
rCold   . . .      Faith    .    (no shield)
rNeg    . . .      Spirit   .    c - +0 robe
rPois   .          Reflect  .    (no helmet)
rElec   .          Harm     .    (no cloak)
rCorr   +          Rampage  .    (no gloves)
Will    .....                    (no boots)
Stlth   +                        (no amulet)
HPRegen 0.23/turn                g - ring of resist corrosion
MPRegen 0.09/turn                (no ring)

@: no status effects
A: no striking features
a: no special abilities


You were on level 2 of the Dungeon.
You visited 1 branch of the dungeon, and saw 2 of its levels.

You collected 28 gold pieces.

Inventory:

Hand Weapons
 a - a +1 falchion (weapon)
Armour
 c - a +0 robe (worn)
Jewellery
 g - a ring of resist corrosion (left hand)
Scrolls
 d - a scroll of blinking {unknown}
 e - a scroll of brand weapon {unknown}
 h - a scroll of noise {unknown}
Potions
 b - a potion of lignification
 f - 2 potions of attraction {unknown}


   Skills:
 + Level 2.1 Fighting
 + Level 1.1 Long Blades
 * Level 0.5 Dodging
 + Level 2.1 Spellcasting
 + Level 4.2 Necromancy
 + Level 1.0 Invocations


You had 4 spell levels left.
You knew the following spells:

 Your Spells              Type           Power      Damage    Failure   Level
a - Necrotise             Necr           44%        1d6       4%          1

Your spell library contained the following spells:

 Spells                   Type           Power      Damage    Failure   Level
 Sublimation of Blood     Necr           11%        N/A       7%          2
 Gell's Gravitas          Tloc           1%         N/A       63%         3
 Teleport Other           Tloc           1%         N/A       63%         3
 Anguish                  Hex/Necr       3%         N/A       75%         4
 Dispersal                Tloc           0%         N/A       100%        6


Dungeon Overview and Level Annotations

Branches:
Dungeon (1/15)

Altars:


Message History

You miss the bat. The bat hits you but does no damage.
You closely miss the bat. The bat hits you.
Casting: Necrotise (safe; 4% risk of failure)
Confirm with . or Enter, or press ? or * to list all spells.
Aiming: Necrotise (safe; 4% risk of failure)
Press: ? - help, Shift-Dir - straight line, f - bat
Aim: a bat (chance to affect: 80%)
The bat writhes in agony.
You kill the bat!
The dead are flying!
You see here a giant cockroach corpse.
You open the door.
There is an open door here.
Your bat skeleton crumbles into dust!
You open the door.
A ball python comes into view.
Casting: Necrotise (safe; 4% risk of failure)
Confirm with . or Enter, or press ? or * to list all spells.
Aiming: Necrotise (safe; 4% risk of failure)
Press: ? - help, Shift-Dir - straight line, f - ball python
Aim: a ball python (asleep, chance to affect: 80%)
The ball python hisses angrily.
The ball python writhes in agony.
You kill the ball python!
The dead are slithering!
You swap places.
There is an open door here.
Your ball python skeleton crumbles into dust!
You open the door.
A bat comes into view.
A sourceless malevolence fills the Dungeon...
You fall into a shaft and drop 1 floor!
The shaft crumbles and collapses.
Found a There-And-Back Book.
You pick up a There-And-Back Book and begin reading...
You add the spells Gell's Gravitas, Teleport Other and Dispersal to your library.
Found a stone staircase leading down.
Unknown command.
Unknown command.
Are you sure you want to abandon this character and quit the game? (Confirm with "yes".)

.. ...
#########...
#.....>.....
#....!....#
.......#
###....#
#...@.#
########..####
#........##
#........#
#........#
#........#
#........#
#........#
#........#


There were no monsters in sight!

Vanquished Creatures
  A bat (D:1)
  An endoplasm (D:1)
  A giant cockroach (D:1)
  4 kobolds (D:1)
  A ball python (D:1)
  A frilled lizard (D:1)
  4 rats (D:1)
13 creatures vanquished.

Notes
Turn   | Place    | Note
-------+----------+-------------------------------------------
     0 | D:1      | Goldberg the Human Wanderer began the quest for the Orb.
     0 | D:1      | Goldberg set off with the following items: a +1 falchion, a
                  | potion of lignification, a +0 robe; and the following spell
                  | memorised: Necrotise; and the following spells available to
                  | memorise: Sublimation of Blood, Anguish.
     0 | D:1      | Reached XP level 1. HP: 16/16 MP: 3/3
     1 | D:1      | Noticed an electric eel
    91 | D:1      | Reached XP level 2. HP: 22/22 MP: 1/5
   401 | D:1      | You fall into a shaft and drop 1 floor!
   428 | D:2      | Quit the game

Illustrated notes

Levels and vault maps discovered:
D:1:      arrival_aquarium_a, layout_basic
D:2:      layout_rooms, grunt_ministairs_15, kennysheep_generic_room_15,
          uniq_robin

Action                     || total
---------------------------++-------
  Melee: Falchion          ||    24
   Cast: Necrotise         ||     8
 Armour: Robe              ||    11
  Dodge: Dodged            ||    21

Table legend: (Time is in decaauts)
 A = Elapsed time spent in this place.
 B = Non-inter-level travel time spent in this place.
 C = Inter-level travel time spent in this place.
 D = Time resting spent in this place.
 E = Time spent auto-exploring this place.
 F = Levels seen in this place.
 G = Mean time per level.
                   A        B        C        D        E       F      G
               +--------+--------+--------+--------+--------+-----+--------+
         Total |    433 |    433 |      0 |      0 |    216 |   2 |  216.5 |
       Dungeon |    433 |    433 |      0 |      0 |    216 |   2 |  216.5 |
               +--------+--------+--------+--------+--------+-----+--------+

Top non-repeatable levels by time:
     D:1: 406 daAuts
     D:2: 26 daAuts
